 Dungeon Crawl Stone Soup version 0.17.0-17-ge4ba49f (webtiles) character file.

116 Leibowitz the Ducker (level 5, -1/31 HPs)
             Began as a Kobold Gladiator on Nov 11, 2015.
             Slain by a gnoll
             ... wielding a +2 spear of chaos
              (8 damage)
             ... on level 2 of the Dungeon.
             The game lasted 00:05:45 (1688 turns).

Leibowitz the Ducker (Kobold Gladiator)             Turns: 1688, Time: 00:05:45

Health: -1/31      AC:  4    Str: 14    XL:     5   Next: 21%
Magic:  5/5        EV: 17    Int:  6    God:
Gold:   64         SH:  0    Dex: 17    Spells: 0 memorised, 4 levels left

rFire  . . .     SeeInvis .     a - +0 rapier
rCold  . . .     Clarity  .     b - +0 leather armour
rNeg   . . .     SustAt   .     (shield restricted)
rPois  .         Gourm    .     c - +0 helmet
rElec  .         Spirit   .     (no cloak)
rCorr  .         Warding  .     (no gloves)
rMut   .         Stasis   .     (no boots)
MR     .....                    (no amulet)
Stlth  ++........               (no ring)
                                (no ring)

@: lethally poisoned (-1 -> -6), drained, not resistant to hostile enchantments,
unstealthy
A: carnivore 3
a: no special abilities


You were on level 2 of the Dungeon.
You were completely stuffed.

You visited 1 branch of the dungeon, and saw 2 of its levels.

You collected 64 gold pieces.

Inventory:

Hand Weapons
 a - a +0 rapier (weapon)
Missiles
 d - a throwing net (quivered)
 l - 17 poisoned needles
Armour
 b - a +0 leather armour (worn)
 c - a +0 helmet (worn)
Scrolls
 f - 2 scrolls of amnesia {unknown}
 g - a scroll of immolation {unknown}
 h - a scroll of magic mapping {unknown}
 i - 2 scrolls of identify {unknown}
 j - a scroll of random uselessness {unknown}
 m - a scroll of teleportation {unknown}
 n - a scroll of enchant weapon {unknown}
 o - a scroll of blinking {unknown}
Potions
 k - a potion of cure mutation {unknown}
Comestibles
 e - a meat ration
 p - a slice of pizza


   Skills:
 + Level 2.6(2.3) Fighting
 + Level 4.9(4.6) Short Blades
 + Level 2.4(2.1) Throwing
 + Level 1.1(0.8) Armour
 + Level 5.0(4.7) Dodging
 * Level 1.3(1.0) Stealth


You had 4 spell levels left.
You didn't know any spells.

Dungeon Overview and Level Annotations

Branches:
Dungeon (2/15)

Altars:
Xom


Innate Abilities, Weirdness & Mutations

You are small and have problems with some larger weapons.
You are carnivorous and can eat meat at any time.


Message History

You puncture the gnoll!
You kill the gnoll!
You feel sick.
The gnoll splashes around in the water.
You hit the gnoll but do no damage. The gnoll misses you.
The gnoll hits you but does no damage. Space bends around you.
* * * LOW HITPOINT WARNING * * *
Throwing (i - inventory):
d - 2 throwing nets (quivered)
Press: ? - help, Shift-Dir - straight line, f - gnoll
Aim: a gnoll, wielding a spear of chaos You throw a throwing net.
The throwing net hits the gnoll.
The gnoll is caught in the net!
You feel sick. The gnoll hits you but does no damage.
You feel drained.
The gnoll struggles against the net.
You hit the gnoll but do no damage. The gnoll barely misses you.
The helpless gnoll fails to defend itself.
You puncture the gnoll!
The gnoll is heavily wounded.
You feel sick.
The gnoll struggles against the net.
The gnoll hits you from afar with a spear of chaos!
You die...

# #.# ## ... # #.≈
≈.≈⌠.##.###. ... ##
≈≈##..⌠#≈#.#.. #.# ###[ #
##.#≈≈.#.#... #.# #..( #≈
#..≈###.#..### #.# ##(## #..
#...≈..#....# #.###<.(.
#≈..#≈#.####....#####.#.)†...
##≈..≈≈##.gg.................
#_..#.⌠≈.#≈#@..#####.........
##.≈≈%####≈#.### #....#.#.#
##⌠...##.≈.### #.........
#≈≈#...≈.### #.#..#.#.#
##≈..?.#### #.#.......
#####.##g###### ##....#.#.#
##⌠.##.##....# #..........
###. ##.....# #.#...#.#.
####......# #..........


You could see 2 gnolls.

Vanquished Creatures
  3 adders (D:2)
  3 gnolls (D:2)
  2 oozes
  A worm (D:2)
  A giant cockroach (D:2)
  6 hobgoblins
  4 jackals (D:1)
  7 kobolds
  A ball python (D:1)
  10 bats
  2 giant geckos (D:1)
  A giant newt (D:1)
  6 goblins
  5 rats
52 creatures vanquished.

Notes
Turn   | Place    | Note
--------------------------------------------------------------
     0 | D:1      | Leibowitz the Kobold Gladiator began the quest for the Orb.
     0 | D:1      | Reached XP level 1. HP: 12/12 MP: 1/1
   192 | D:1      | Reached XP level 2. HP: 17/17 MP: 2/2
   578 | D:1      | Reached XP level 3. HP: 18/21 MP: 3/3
  1108 | D:2      | Reached XP level 4. HP: 14/26 MP: 4/4
  1299 | D:2      | Reached skill level 1 in Armour
  1537 | D:2      | Reached skill level 5 in Dodging
  1655 | D:2      | Reached skill level 1 in Stealth
  1655 | D:2      | Reached XP level 5. HP: 31/31 MP: 5/5
  1667 | D:2      | Found a shimmering altar of Xom.
  1688 | D:2      | Slain by a gnoll

Action                   |  1- 3 |  4- 6 || total
-------------------------+-------+-------++-------
Melee: Rapier            |   127 |    86 ||   213
Throw: Throwing net      |     2 |     5 ||     7
 Stab: Sleeping          |     1 |     1 ||     2
       Held in net/web   |     2 |     2 ||     4
  Eat: Chunk             |     6 |     5 ||    11
